 Dungeon Crawl Stone Soup version 0.29.0-4-gdea44cf6ec (webtiles) character file.

Game seed: 11753831887381270981

25921 qw the Cleaver (level 13, -2/103 HPs)
             Began as a Formicid Cinder Acolyte on Sept 4, 2022.
             Was an Initiate of Ignis.
             Slain by a cane toad (3 damage)
             ... on level 4 of the Lair of Beasts.
             The game lasted 00:04:18 (14378 turns).

qw the Cleaver (Formicid Cinder Acolyte)           Turns: 14378, Time: 00:04:19

Health: -2/103     AC: 16    Str: 24    XL:     13   Next: 54%
Magic:  14/14      EV:  6    Int: 14    God:    Ignis [......]
Gold:   1203       SH: 17    Dex:  9    Spells: 14/14 levels left

rFire   + . .      SeeInvis +   Y - +6 battleaxe (vorpal)
rCold   . . .      Faith    .   g - +0 tower shield
rNeg    . . .      Spirit   .   k - +0 plate armour
rPois   +          Reflect  .   (helmet unavailable)
rElec   .          Harm     .   n - scarf {repulsion}
rCorr   .          Rampage  .   (no gloves)
Will    +....                   a - +2 pair of boots
Stlth   ..........              (no amulet)
HPRegen 0.27/turn               d - ring of poison resistance
MPRegen 0.14/turn               f - +4 ring of slaying {mikee}

@: repel missiles
A: permanent stasis, dig shafts and tunnels, antennae 3, four strong arms
a: Dig, Shaft Self, Renounce Religion, Rising Flame


You were on level 4 of the Lair of Beasts.
You worshipped Ignis.
Ignis was noncommittal.
You visited 2 branches of the dungeon, and saw 14 of its levels.

You collected 1223 gold pieces.
You spent 20 gold pieces at shops.


Innate Abilities, Weirdness & Mutations

You cannot be hasted, slowed, berserked, paralysed or teleported.
You can dig through walls and to a lower floor.
You have a pair of large antennae on your head. (SInv)
Your four strong arms can wield two-handed weapons with a shield.


   Skills:
 - Level 10.0 Fighting
 - Level 14.9 Axes
 - Level 4.0 Throwing
 - Level 7.0 Armour
 - Level 3.3 Dodging
 + Level 14.3 Shields
 - Level 1.1 Spellcasting
 - Level 3.0 Fire Magic


You had 14 spell levels left.
You didn't know any spells.
Your spell library contained the following spells:

 Spells                   Type           Power      Damage    Failure   Level
 Scorch                   Fire           18%        2d6       99%         2

Inventory:

Hand Weapons
 i - a -1 hand axe of flaming
 Y - a +6 vorpal battleaxe (weapon)
Missiles
 j - 10 boomerangs (quivered)
Armour
 a - a +2 pair of boots (worn)
 e - +0 ice dragon scales
 g - a +0 tower shield (worn)
 k - a +0 plate armour (worn)
 n - a scarf of repulsion (worn)
 p - a +0 cloak
Jewellery
 d - a ring of poison resistance (left hand)
 f - a +4 ring of slaying (right hand) {mikee}
 s - a ring of protection from fire
 v - a +6 ring of dexterity
Scrolls
 h - 5 scrolls of identify
Potions
 b - 3 potions of resistance
 c - 9 potions of curing
 l - 4 potions of heal wounds
 m - 5 potions of might
 o - a potion of haste
 q - 2 potions of mutation
 w - 2 potions of cancellation

Dungeon Overview and Level Annotations

Branches:
Dungeon (9/15)             Temple (0/1) D:6            Lair (5/5) D:9
 Shoals (0/4) Lair:3        Snake (0/4) Lair:2          Orc (0/2) D:9
  Slime: Lair:4-5

Altars:
Ashenzari
Cheibriados
Dithmenos
Elyvilon
Gozag
Hepliaklqana
Nemelex Xobeh
Okawaru
Qazlal
Ru
Sif Muna
Uskayaw
Vehumet
Wu Jian
The Shining One

Shops:
D:1 *   D:7 (


Message History

The komodo dragon completely misses you.
You climb upwards.
There is a stone staircase leading down here.
You slash the komodo dragon!
The komodo dragon is moderately wounded.
You slice the water moccasin!! You hit the komodo dragon.
You hit the cane toad but do no damage. You hit the blink frog.
You miss the blink frog. You block the blink frog's attack.
You block the water moccasin's attack. You block the blink frog's attack.
You block the cane toad's attack. The blink frog barely misses you.
The water moccasin bites you. The komodo dragon closely misses you.
The komodo dragon bites you!!
You miss the water moccasin.
The water moccasin is severely wounded.
You slash the blink frog! You hit the komodo dragon. You slash the cane toad!
You hit the komodo dragon. You slash the blink frog!
You block the blink frog's attack.
The cane toad stings you but does no damage.
The water moccasin bites you but does no damage.
You block the blink frog's attack. x2
The komodo dragon bites you but does no damage.
The komodo dragon bites you! The cane toad barely misses you.
The water moccasin bites you but does no damage.
The blink frog hits you.
14377 ||| DRINKING 5 potions of heal wounds.
You feel much better.
The blink frog blinks!
The water moccasin bites you.
The blink frog hits you but does no damage.
The cane toad barely misses you. You block the komodo dragon's attack.
The komodo dragon bites you but does no damage.
The blink frog blinks!
You miss the blink frog.
The blink frog is severely wounded.
You closely miss the water moccasin. You slash the komodo dragon!
You slash the cane toad! You barely miss the komodo dragon.
You block the water moccasin's attack. You block the blink frog's attack.
The cane toad barely misses you. The komodo dragon bites you!
The komodo dragon bites you!! The water moccasin closely misses you.
The blink frog blinks!
The cane toad stings you.
You die...

.........#...####........##
.........##...####......<.#
..........#......#........#
###..##.####..............#
##..#...##.#.#.#.###....###
###.P.#..##..#.....#......##
#....P######...............#
#..#.###.......l%S.........#
................@l.#.......#
.............#.¤¤F.#.......##
.................#..........#
...........................##
...........F...#....¤.......#
<...........P.###.....F....##
................##.........#
##'#..#####.#..#####.##'##.#
#.#### ##.#.P#####...####


You could see 2 komodo dragons, a cane toad, 2 blink frogs and a water moccasin.

Vanquished Creatures
  Nessos (Lair:3)
  2 hydras
  A catoblepas (Lair:1)
  A fire crab (Lair:3)
  A cyclops (D:8)
  3 elephants
  9 black mambas
  An unseen horror (D:7)
  10 cane toads
  6 komodo dragons
  A rime drake (Lair:4)
  A troll (D:8)
  A hornet (D:9)
  4 blink frogs (Lair:4)
  A wyvern (Lair:3)
  A basilisk (Lair:4)
  47 yaks
  2 steam dragons
  11 water moccasins
  3 sky beasts
  2 ice beasts (D:7)
  A black bear (Lair:1)
  4 ogres
  3 wolves (Lair:3)
  4 centaurs
  A kobold brigand (D:5)
  10 bullfrogs
  5 scorpions
  9 wights
  A killer bee (D:7)
  3 howler monkeys
  3 hounds
  3 jellies
  4 orc priests
  3 gnoll boudas
  5 iguanas
  Jessica (D:3)
  Ijyb (D:3)
  Natasha (D:3)
  11 orc wizards
  18 gnolls
  8 adders
  A shadow imp (D:6)
  A white imp (D:6)
  A worm (D:2)
  2 dart slugs
  24 orcs
  6 ball pythons
  11 endoplasms
  A giant cockroach (D:4)
  13 goblins
  8 hobgoblins
  6 jackals (D:4)
  4 quokkas
  6 bats
  A frilled lizard (D:3)
  8 kobolds
  2 rats (D:2)
303 creatures vanquished.

Vanquished Creatures (others)
  9 fungi
  24 plants
33 creatures vanquished.

Grand Total: 336 creatures vanquished

Notes
Turn   | Place    | Note
-------+----------+-------------------------------------------
     0 | D:1      | qw the Formicid Cinder Acolyte began the quest for the Orb.
     0 | D:1      | Reached XP level 1. HP: 18/18 MP: 2/2
     0 | D:1      | 0 ||| qw: Version: 0.1-a-103-gd6f5d3a
     0 | D:1      | 0 ||| qw: Game counter: 5572
     0 | D:1      | 0 ||| qw: Always use a shield: true
     0 | D:1      | 0 ||| qw: God list: Okawaru
     0 | D:1      | 0 ||| qw: Allow faded altars: false
     0 | D:1      | 0 ||| qw: Do Orc after D:15 true
     0 | D:1      | 0 ||| qw: Do second Lair branch before Depths: true
     0 | D:1      | 0 ||| qw: Lair rune preference: random
     0 | D:1      | 0 ||| qw: Plans: Normal
     0 | D:1      | 0 ||| PLANNING D:1-11
    50 | D:1      | Found a faded altar of an unknown god.
   362 | D:1      | Reached XP level 2. HP: 19/24 MP: 3/3
   418 | D:1      | Found Xakkiu's General Store.
   730 | D:1      | 730 ||| SHOPLISTING potion of curing (30 gold, have 29).
   730 | D:1      | 730 ||| SHOPLISTING scroll of enchant armour (75 gold, have
                  | 29).
   730 | D:1      | 730 ||| BUYING scroll of identify (20 gold).
   730 | D:1      | Bought a scroll of identify for 20 gold pieces
   999 | D:1      | 999 ||| Stepping ~*~*~tactically~*~*~ (hiding).
  1101 | D:1      | 1101 ||| Stepping ~*~*~tactically~*~*~ (hiding).
  1203 | D:1      | 1203 ||| Stepping ~*~*~tactically~*~*~ (hiding).
  1305 | D:1      | 1305 ||| Stepping ~*~*~tactically~*~*~ (hiding).
  1448 | D:1      | Found a white marble altar of Elyvilon.
  1495 | D:1      | 1495 ||| UPGRADING to +0 ring mail.
  1505 | D:1      | 1505 ||| DROPPING +0 robe.
  1506 | D:1      | 1506 ||| UPGRADING to +0 scale mail.
  1516 | D:1      | 1516 ||| DROPPING +0 ring mail.
  1517 | D:1      | 1517 ||| READING scroll labelled ZELAEXKO ZOYTSE.
  1518 | D:1      | 1518 ||| READING scroll labelled TYSTUJOOSCHE.
  1519 | D:1      | 1519 ||| READING scroll labelled UHUGYU NEAQ.
  1520 | D:1      | 1520 ||| DRINKING 3 amethyst potions.
  1521 | D:1      | 1521 ||| READING 3 scrolls of identify.
  1521 | D:1      | 1521 ||| IDENTIFYING inky potion
  1522 | D:1      | 1522 ||| READING 2 scrolls of identify.
  1522 | D:1      | 1522 ||| IDENTIFYING purple potion
  1523 | D:1      | 1523 ||| DROPPING potion of lignification.
  1524 | D:1      | 1524 ||| DROPPING potion of magic.
  1555 | D:2      | 1555 ||| STAIRDANCE
  1559 | D:1      | Reached XP level 3. HP: 29/29 MP: 4/4
  1568 | D:2      | Reached skill level 1 in Armour
  1568 | D:2      | 1568 ||| STAIRDANCE
  1846 | D:2      | 1846 ||| Stepping ~*~*~tactically~*~*~ (hiding).
  1847 | D:2      | 1847 ||| Stepping ~*~*~tactically~*~*~ (hiding).
  2247 | D:2      | Reached XP level 4. HP: 35/35 MP: 5/5
  2724 | D:2      | 2724 ||| UPGRADING to +0 ice dragon scales.
  2734 | D:2      | 2734 ||| READING scroll labelled HITIOLL NAQEMUSIY.
  2734 | D:2      | Identified a scroll of acquirement
  2734 | D:2      | 2734 ||| ACQUIRING +4 vorpal battleaxe
  2734 | D:2      | Acquired a +4 vorpal battleaxe
  2736 | D:2      | 2736 ||| SWAPPING to +4 vorpal battleaxe.
  2737 | D:2      | 2737 ||| DRINKING 2 silvery potions.
  2738 | D:2      | 2738 ||| READING 4 scrolls of identify.
  2738 | D:2      | 2738 ||| IDENTIFYING blue potion
  2739 | D:2      | 2739 ||| READING 3 scrolls of identify.
  2739 | D:2      | 2739 ||| IDENTIFYING clear potion
  2740 | D:2      | 2740 ||| DROPPING potion of degeneration.
  2741 | D:2      | 2741 ||| DROPPING potion of ambrosia.
  2816 | D:3      | 2816 ||| INVOKING Fiery Armour.
  2821 | D:3      | Reached skill level 1 in Throwing
  2823 | D:3      | Reached XP level 5. HP: 19/41 MP: 6/6
  3016 | D:3      | Found a glowing golden altar of the Shining One.
  3019 | D:3      | Found a snail-covered altar of Cheibriados.
  3020 | D:3      | Found an ornate altar of the Wu Jian Council.
  3077 | D:3      | Noticed Ijyb
  3084 | D:3      | Killed Ijyb
  3309 | D:3      | 3309 ||| Stepping ~*~*~tactically~*~*~ (hiding).
  3312 | D:3      | 3312 ||| Stepping ~*~*~tactically~*~*~ (hiding).
  3522 | D:3      | Noticed Jessica
  3523 | D:3      | 3523 ||| FLEEEEING.
  3524 | D:3      | 3524 ||| STAIRDANCE
  3625 | D:2      | 3625 ||| DROPPING +0 scale mail.
  3626 | D:2      | 3626 ||| UPGRADING to ring of poison resistance.
  3627 | D:2      | 3627 ||| UPGRADING to +4 ring of slaying {mikee}.
  3628 | D:2      | 3628 ||| READING scroll labelled RALUDE SYL.
  3633 | D:3      | 3633 ||| Stepping ~*~*~tactically~*~*~ (hiding).
  3640 | D:3      | Killed Jessica
  3705 | D:3      | Noticed Natasha
  3708 | D:3      | Killed Natasha
  3709 | D:3      | Reached XP level 6. HP: 43/47 MP: 7/7
  3786 | D:3      | 3786 ||| READING 2 scrolls of identify.
  3786 | D:3      | 3786 ||| IDENTIFYING ruby potion
  3787 | D:3      | 3787 ||| DROPPING potion of brilliance.
  3806 | D:4      | 3806 ||| STAIRDANCE
  3811 | D:3      | 3811 ||| INVOKING Fiery Armour.
  3999 | D:4      | 3999 ||| STAIRDANCE
  4005 | D:4      | 4005 ||| STAIRDANCE
  4064 | D:4      | 4064 ||| INVOKING Fiery Armour.
  4309 | D:4      | Noticed an ogre
  4313 | D:4      | Killed an ogre
  4314 | D:4      | Reached skill level 6 in Axes
  4323 | D:4      | 4323 ||| Stepping ~*~*~tactically~*~*~ (hiding).
  4331 | D:4      | 4331 ||| INVOKING Fiery Armour.
  4334 | D:4      | Reached skill level 1 in Dodging
  4334 | D:4      | Reached XP level 7. HP: 16/52 MP: 8/8
  4353 | D:4      | 4353 ||| FLEEEEING.
  4354 | D:4      | 4354 ||| FLEEEEING.
  4355 | D:4      | 4355 ||| Stepping ~*~*~tactically~*~*~ (hiding).
  4357 | D:4      | 4357 ||| Stepping ~*~*~tactically~*~*~ (stealth).
  4640 | D:4      | Found a hide-covered altar of Uskayaw.
  4697 | D:4      | 4697 ||| Stepping ~*~*~tactically~*~*~ (stealth).
  4702 | D:4      | 4702 ||| Stepping ~*~*~tactically~*~*~ (stealth).
  4895 | D:4      | 4895 ||| UPGRADING to +0 pair of boots.
  4900 | D:4      | 4900 ||| READING scroll labelled ZYLLIEMISI.
  4901 | D:4      | 4901 ||| READING scroll labelled XYATRER LOQ.
  4922 | D:5      | Entered Level 5 of the Dungeon
  4979 | D:5      | 4979 ||| Stepping ~*~*~tactically~*~*~ (hiding).
  4998 | D:5      | Reached skill level 3 in Armour
  5074 | D:5      | 5074 ||| Stepping ~*~*~tactically~*~*~ (stealth).
  5076 | D:5      | 5076 ||| FLEEEEING.
  5077 | D:5      | 5077 ||| FLEEEEING.
  5078 | D:5      | 5078 ||| FLEEEEING.
  5079 | D:5      | 5079 ||| FLEEEEING.
  5080 | D:5      | 5080 ||| FLEEEEING.
  5090 | D:5      | 5090 ||| Stepping ~*~*~tactically~*~*~ (hiding).
  5091 | D:5      | 5091 ||| Stepping ~*~*~tactically~*~*~ (hiding).
  5094 | D:5      | Reached XP level 8. HP: 59/61 MP: 9/9
  5182 | D:5      | Found an iron altar of Okawaru.
  5218 | D:5      | 5218 ||| Stepping ~*~*~tactically~*~*~ (hiding).
  5220 | D:5      | 5220 ||| Stepping ~*~*~tactically~*~*~ (hiding).
  5317 | D:5      | 5317 ||| Stepping ~*~*~tactically~*~*~ (stealth).
  5493 | D:5      | 5493 ||| UPGRADING to scarf of repulsion.
  5498 | D:5      | 5498 ||| DRINKING 2 white potions.
  5499 | D:5      | 5499 ||| READING 3 scrolls of identify.
  5499 | D:5      | 5499 ||| IDENTIFYING cyan potion
  5500 | D:5      | 5500 ||| DROPPING potion of berserk rage.
  5552 | D:6      | 5552 ||| STAIRDANCE
  5744 | D:6      | 5744 ||| Stepping ~*~*~tactically~*~*~ (hiding).
  6000 | D:6      | Found a sacrificial altar of Ru.
  6002 | D:6      | 6002 ||| Stepping ~*~*~tactically~*~*~ (hiding).
  6092 | D:6      | Found a staircase to the Ecumenical Temple.
  6116 | D:6      | 6116 ||| Stepping ~*~*~tactically~*~*~ (hiding).
  6117 | D:6      | 6117 ||| Stepping ~*~*~tactically~*~*~ (hiding).
  6118 | D:6      | 6118 ||| Stepping ~*~*~tactically~*~*~ (stealth).
  6123 | D:6      | Reached skill level 3 in Throwing
  6136 | D:6      | Found an opulent altar of Gozag.
  6478 | D:6      | 6478 ||| READING 3 scrolls labelled BECVUEKLUPP.
  6479 | D:6      | 6479 ||| READING 2 scrolls of enchant armour.
  6479 | D:6      | 6479 ||| ENCHANTING +0 pair of boots.
  6480 | D:6      | 6480 ||| READING scroll of enchant armour.
  6480 | D:6      | 6480 ||| ENCHANTING +1 pair of boots.
  6481 | D:6      | 6481 ||| READING scroll labelled MAQIACVAERGH.
  6482 | D:6      | 6482 ||| READING scroll labelled DEURUAJAJU.
  6493 | D:7      | Found a white marble altar of Elyvilon.
  6509 | D:7      | Reached skill level 9 in Axes
  6509 | D:7      | Reached XP level 9. HP: 57/68 MP: 10/10
  6611 | D:7      | Reached skill level 6 in Fighting
  6916 | D:7      | Found Lapt's Antique Weapon Shoppe.
  7049 | D:7      | Noticed an unseen horror
  7058 | D:7      | 7058 ||| Stepping ~*~*~tactically~*~*~ (hiding).
  7096 | D:7      | Identified the +4 short sword of a Labyrinth {flame, rPois
                  | rC- rN+ Str+3}
  7098 | D:7      | 7098 ||| INVOKING Fiery Armour.
  7128 | D:7      | Reached XP level 10. HP: 49/79 MP: 11/11
  7129 | D:7      | Killed an unseen horror
  7347 | D:7      | Found a hazy altar of Hepliaklqana.
  7348 | D:7      | Found a broken altar of Ashenzari.
  7348 | D:7      | Found a stormy altar of Qazlal.
  7350 | D:7      | Found a radiant altar of Vehumet.
  7351 | D:7      | Found a shimmering blue altar of Sif Muna.
  7352 | D:7      | Found a sparkling altar of Nemelex Xobeh.
  7463 | D:8      | 7463 ||| Stepping ~*~*~tactically~*~*~ (stealth).
  7534 | D:8      | 7534 ||| Stepping ~*~*~tactically~*~*~ (hiding).
  7535 | D:8      | 7535 ||| Stepping ~*~*~tactically~*~*~ (stealth).
  7536 | D:8      | 7536 ||| Stepping ~*~*~tactically~*~*~ (stealth).
  7536 | D:8      | Found a flagged portal.
  7615 | D:8      | 7615 ||| READING scroll of enchant weapon.
  7615 | D:8      | 7615 ||| ENCHANTING +5 vorpal battleaxe.
  7749 | D:8      | Noticed a cyclops
  7755 | D:8      | Killed a cyclops
  7777 | D:8      | 7777 ||| READING scroll of acquirement.
  7777 | D:8      | 7777 ||| ACQUIRING 505 gold pieces
  7777 | D:8      | Acquired 505 gold pieces
  7908 | D:8      | 7908 ||| Stepping ~*~*~tactically~*~*~ (stealth).
  7910 | D:8      | 7910 ||| Stepping ~*~*~tactically~*~*~ (stealth).
  7927 | D:8      | 7927 ||| Stepping ~*~*~tactically~*~*~ (stealth).
  7933 | D:8      | Found a shadowy altar of Dithmenos.
  8034 | D:9      | 8034 ||| STAIRDANCE
  8093 | D:9      | 8093 ||| Stepping ~*~*~tactically~*~*~ (hiding).
  8187 | D:9      | 8187 ||| Stepping ~*~*~tactically~*~*~ (stealth).
  8189 | D:9      | 8189 ||| FLEEEEING.
  8191 | D:9      | 8191 ||| FLEEEEING.
  8192 | D:9      | 8192 ||| FLEEEEING.
  8193 | D:9      | 8193 ||| FLEEEEING.
  8194 | D:9      | 8194 ||| FLEEEEING.
  8195 | D:9      | 8195 ||| FLEEEEING.
  8196 | D:9      | 8196 ||| STAIRDANCE
  8237 | D:9      | 8237 ||| STAIRDANCE
  8331 | D:9      | 8331 ||| STAIRDANCE
  8408 | D:9      | Found a staircase to the Lair.
  8408 | D:9      | Noticed a komodo dragon
  8420 | D:9      | Killed a komodo dragon
  8421 | D:9      | Reached skill level 12 in Axes
  8761 | D:9      | Found a staircase to the Orcish Mines.
  8799 | D:9      | 8799 ||| INVOKING Fiery Armour.
  8937 | D:9      | 8937 ||| PLANNING LAIR
  8937 | D:9      | 8937 ||| READING 7 scrolls of identify.
  8937 | D:9      | 8937 ||| IDENTIFYING fuming green potion
  8938 | D:9      | 8938 ||| DROPPING potion of flight.
  8966 | Lair:1   | Entered Level 1 of the Lair of Beasts
  8966 | Lair:1   | Noticed a komodo dragon
  8967 | Lair:1   | 8967 ||| INVOKING Fiery Armour.
  8973 | Lair:1   | Reached XP level 11. HP: 79/87 MP: 12/12
  8980 | Lair:1   | Reached skill level 6 in Armour
  9213 | Lair:1   | Noticed a catoblepas
  9214 | Lair:1   | 9214 ||| INVOKING Fiery Armour.
  9217 | Lair:1   | 9217 ||| Stepping ~*~*~tactically~*~*~ (cloud).
  9220 | Lair:1   | Killed a catoblepas
  9221 | Lair:1   | Reached skill level 9 in Fighting
  9249 | Lair:1   | 9249 ||| Stepping ~*~*~tactically~*~*~ (cloud).
  9737 | Lair:1   | 9737 ||| Stepping ~*~*~tactically~*~*~ (stealth).
 10136 | Lair:1   | 10136 ||| READING scroll labelled QAKENG BOEC.
 10137 | Lair:1   | 10137 ||| READING 7 scrolls of identify.
 10137 | Lair:1   | 10137 ||| IDENTIFYING fuming amethyst potion
 10138 | Lair:1   | 10138 ||| READING 6 scrolls of identify.
 10138 | Lair:1   | 10138 ||| IDENTIFYING fuming silvery potion
 10170 | Lair:2   | 10170 ||| PLANNING GAUNTLET
 10195 | Lair:2   | Identified the +0 kite shield of the Dragon {rPois rN++
                  | rCorr Str-3}
 10270 | Lair:2   | 10270 ||| Stepping ~*~*~tactically~*~*~ (stealth).
 10271 | Lair:2   | 10271 ||| Stepping ~*~*~tactically~*~*~ (stealth).
 10342 | Lair:2   | 10342 ||| INVOKING Fiery Armour.
 10349 | Lair:2   | Reached XP level 12. HP: 53/97 MP: 13/13
 10351 | Lair:2   | 10351 ||| Stepping ~*~*~tactically~*~*~ (stealth).
 10533 | Lair:2   | Found a staircase to the Snake Pit.
 10606 | Lair:2   | Reached skill level 3 in Dodging
 10640 | Lair:2   | 10640 ||| Stepping ~*~*~tactically~*~*~ (stealth).
 10683 | Lair:2   | 10683 ||| RIP GAUNTLET
 10704 | Lair:2   | 10704 ||| PLANNING LAIR
 11004 | Lair:2   | 11004 ||| Stepping ~*~*~tactically~*~*~ (stealth).
 11006 | Lair:2   | 11006 ||| Stepping ~*~*~tactically~*~*~ (stealth).
 11008 | Lair:2   | 11008 ||| Stepping ~*~*~tactically~*~*~ (stealth).
 11010 | Lair:2   | 11010 ||| Stepping ~*~*~tactically~*~*~ (stealth).
 11324 | Lair:2   | 11324 ||| DROPPING +0 chain mail.
 11325 | Lair:2   | 11325 ||| UPGRADING to +0 plate armour.
 11335 | Lair:2   | 11335 ||| UPGRADING to +0 kite shield of the Dragon {rPois
                  | rN++ rCorr Str-3}.
 11340 | Lair:2   | 11340 ||| REMOVING ring of poison resistance.
 11341 | Lair:2   | 11341 ||| UPGRADING to ring of protection from fire.
 11352 | Lair:3   | 11352 ||| STAIRDANCE
 11362 | Lair:2   | Reached skill level 3 in Shields
 11453 | Lair:3   | Noticed a four-headed hydra
 11461 | Lair:3   | 11461 ||| FLEEEEING.
 11462 | Lair:3   | 11462 ||| SWAPPING to -1 hand axe of flaming.
 11467 | Lair:3   | 11467 ||| INVOKING Fiery Armour.
 11468 | Lair:3   | Killed a one-headed hydra
 11469 | Lair:3   | 11469 ||| SWAPPING to +6 vorpal battleaxe.
 11471 | Lair:3   | 11471 ||| STAIRDANCE
 11727 | Lair:3   | Reached skill level 6 in Shields
 11792 | Lair:3   | Noticed a fire crab
 11799 | Lair:3   | Killed a fire crab
 11801 | Lair:3   | 11801 ||| Stepping ~*~*~tactically~*~*~ (cloud).
 11902 | Lair:3   | Noticed Nessos
 11903 | Lair:3   | 11903 ||| Stepping ~*~*~tactically~*~*~ (hiding).
 11904 | Lair:3   | 11904 ||| Stepping ~*~*~tactically~*~*~ (hiding).
 11907 | Lair:3   | 11907 ||| INVOKING Fiery Armour.
 11922 | Lair:3   | Killed Nessos
 12437 | Lair:3   | 12437 ||| INVOKING Fiery Armour.
 12440 | Lair:3   | HP: 22/97 [black mamba (11)]
 12441 | Lair:3   | 12441 ||| DRINKING 5 potions of heal wounds.
 12442 | Lair:3   | Reached skill level 9 in Shields
 12636 | Lair:3   | Found a staircase to the Shoals.
 12637 | Lair:3   | 12637 ||| PLANNING CONVERSION TO OKAWARU
 12795 | D:5      | 12795 ||| PLANNING D:1-11
 12795 | D:5      | 12795 ||| UPGRADING to +0 tower shield.
 12805 | D:5      | 12805 ||| DROPPING +0 kite shield of the Dragon {rPois rN++
                  | rCorr Str-3}.
 12806 | D:5      | 12806 ||| UPGRADING to ring of poison resistance.
 12808 | D:5      | 12808 ||| DROPPING ring of resist corrosion.
 12809 | D:5      | 12809 ||| READING 6 scrolls of identify.
 12809 | D:5      | 12809 ||| IDENTIFYING smoky coppery potion
 12824 | D:4      | 12824 ||| Stepping randomly (stuck).
 12825 | D:4      | 12825 ||| PLANNING LAIR
 13111 | Lair:4   | Noticed a four-headed hydra
 13112 | Lair:4   | 13112 ||| SWAPPING to -1 hand axe of flaming.
 13119 | Lair:4   | Killed a one-headed hydra
 13120 | Lair:4   | Reached XP level 13. HP: 86/103 MP: 14/14
 13120 | Lair:4   | 13120 ||| STAIRDANCE
 13122 | Lair:3   | 13122 ||| SWAPPING to +6 vorpal battleaxe.
 13203 | Lair:4   | 13203 ||| Stepping ~*~*~tactically~*~*~ (stealth).
 13205 | Lair:4   | 13205 ||| Stepping ~*~*~tactically~*~*~ (stealth).
 13209 | Lair:4   | 13209 ||| Stepping ~*~*~tactically~*~*~ (stealth).
 13526 | Lair:4   | 13526 ||| Stepping ~*~*~tactically~*~*~ (stealth).
 13527 | Lair:4   | 13527 ||| Stepping ~*~*~tactically~*~*~ (stealth).
 13529 | Lair:4   | 13529 ||| Stepping ~*~*~tactically~*~*~ (stealth).
 13531 | Lair:4   | 13531 ||| Stepping ~*~*~tactically~*~*~ (stealth).
 13637 | Lair:4   | Reached skill level 12 in Shields
 13709 | Lair:4   | 13709 ||| Stepping ~*~*~tactically~*~*~ (hiding).
 13888 | Lair:4   | 13888 ||| Stepping ~*~*~tactically~*~*~ (stealth).
 14284 | Lair:4   | 14284 ||| DROPPING ring of positive energy.
 14285 | Lair:4   | 14285 ||| READING scroll labelled GERONOSM UTHAIL.
 14339 | Lair:5   | Entered Level 5 of the Lair of Beasts
 14341 | Lair:5   | 14341 ||| STAIRDANCE
 14362 | Lair:5   | 14362 ||| STAIRDANCE
 14373 | Lair:5   | 14373 ||| STAIRDANCE
 14376 | Lair:4   | HP: 25/103 [komodo dragon (17)]
 14377 | Lair:4   | 14377 ||| DRINKING 5 potions of heal wounds.
 14378 | Lair:4   | HP: 1/103 [komodo dragon (21)]
 14378 | Lair:4   | Slain by a cane toad

Levels and vault maps discovered:
D:1:      dpeg_arrival_water_altar, layout_loops_corners,
          dreamdust_ecumenical_altar_hidden_monk_grotto, serial_shops,
          nicolae_diamond_shop, hangedman_glass_garden
D:2:      layout_rooms, hangedman_decor_clover_reticule
D:3:      wad_lake_hut, layout_basic,
          chequers_temple_overflow_statue_of_worship, uniq_ijyb, uniq_jessica,
          uniq_natasha
D:4:      layout_rooms, mainiacjoe_overflow_six_doors_small
D:5:      layout_rooms, okawaru_metal_pillars_1_2
D:6:      layout_loops_ring, nicolae_ru_great_annihilating_truth,
          mainiacjoe_overflow_catwalk
D:7:      minmay_clustersquares, layout_cave_pools, minitemple, serial_shops,
          kennysheep_mini, minivault_22
D:8:      layout_cave_pools, nicolae_dithmenos_through_a_glass_darkly,
          enter_bailey_5
D:9:      layout_rooms, david_lair_shrubbed, orc_0_dummy
Lair:1:   layout_regular_city, grunt_megastairs_5, lemuel_fruit_fields
Lair:2:   layout_loops_ring, minmay_snake_entry_six_corridors,
          gauntlet_entry_generic, infiniplex_staircase_pool_2
Lair:3:   layout_roguey, shoals_dummy_entry, serial_bayou_shore_b, uniq_nessos
Lair:4:   layout_roguey, lightli_volcano_entry_magma_tube, st_stairs_3,
          grunt_forest_small_clearing_treed
Lair:5:   due_jungle_book, layout_misc_corridors, minmay_slime_entry_eyes,
          grunt_megastairs_4

Skill      XL: |  1  2  3  4  5  6  7  8  9 10 11 12 13 |
---------------+----------------------------------------+-----
Armour         | 1 2 3 4 5 7 |  7.0
Axes           | 4 5 6 7 9 10 12 14 | 14.9
Throwing       | 1 3 4 |  4.0
Dodging        | 1 2 3 |  3.3
Fighting       | 4 5 7 8 10 | 10.0
Shields        | 10 14 | 14.3
Spellcasting   | |  1.1
Fire Magic     | |  3.0

Action                   |  1- 3 |  4- 6 |  7- 9 | 10-12 | 13-15 || total
-------------------------+-------+-------+-------+-------+-------++-------
Melee: Hand axe          |    90 |    16 |       |    11 |       ||   117
       Punch             |     1 |     1 |       |     1 |       ||     3
       Battleaxe         |       |    57 |   140 |   234 |    92 ||   523
Throw: Javelin           |     5 |    26 |    22 |    42 |     1 ||    96
       Boomerang         |       |     7 |    26 |    22 |    25 ||    80
Invok: Fiery Armour      |       |     4 |     1 |     7 |       ||    12
  Use: Scroll            |     5 |     5 |     8 |     7 |     1 ||    26
       Potion            |     1 |     1 |     1 |     1 |     1 ||     5
 Stab: Paralysed         |       |       |     1 |       |       ||     1
Armor: Robe              |     3 |       |       |       |       ||     3
       Scale mail        |    30 |     9 |       |       |       ||    39
       Ice dragon scales |       |    31 |    66 |    95 |       ||   192
       Plate armour      |       |       |       |    44 |    37 ||    81
Dodge: Dodged            |    40 |    35 |    63 |   128 |    19 ||   285
Block: Kite shield       |       |       |       |    26 |       ||    26
       Tower shield      |       |       |       |     3 |    63 ||    66

Table legend:
 A = Non-vault XP
 B = Vault XP
 C = Vault XP percentage of total XP
 D = Non-vault monster count
 E = Vault monster count
 F = Vault count percentage of total count
                 A         B        C        D         E       F
            +---------+---------+-------+---------+---------+-------
      Total |   29860 |    7170 |  19.4 |     260 |      43 |  14.2
            +---------+---------+-------+---------+---------+-------
        D:1 |      29 |       0 |   0.0 |      15 |       0 |   0.0
        D:2 |      72 |       0 |   0.0 |      19 |       0 |   0.0
        D:3 |     134 |     108 |  44.6 |      20 |       3 |  13.0
        D:4 |     347 |       0 |   0.0 |      25 |       0 |   0.0
        D:5 |     626 |       0 |   0.0 |      26 |       0 |   0.0
        D:6 |     558 |      41 |   6.8 |      12 |       4 |  25.0
        D:7 |     948 |    1500 |  61.3 |      13 |      15 |  53.6
        D:8 |    1744 |       6 |   0.3 |      19 |       4 |  17.4
        D:9 |    1139 |     355 |  23.8 |      21 |       1 |   4.5
     Lair:1 |    5682 |    1202 |  17.5 |      25 |       5 |  16.7
     Lair:2 |    3421 |    2566 |  42.9 |      12 |       9 |  42.9
     Lair:3 |    5057 |    1014 |  16.7 |      15 |       1 |   6.2
     Lair:4 |   10103 |     378 |   3.6 |      38 |       1 |   2.6
            +---------+---------+-------+---------+---------+-------
